 Dungeon Crawl Stone Soup version 0.19-a0-291-ga637243 (webtiles) character file.

125680 Duffy the Severer (level 17, 133/133 HPs)
             Began as a Formicid Fighter on May 27, 2016.
             Was the Champion of Cheibriados.
             Quit the game on level 1 of the Spider Nest.
             The game lasted 00:54:21 (28357 turns).

Duffy the Severer (Formicid Fighter)               Turns: 28357, Time: 00:54:22

Health: 133/133    AC: 22    Str: 45    XL:     17   Next: 51%
Magic:  24/24      EV: 19    Int: 25    God:    Cheibriados [******]
Gold:   1906       SH: 30    Dex: 25    Spells: 2 memorised, 10 levels left

rFire  . . .     SeeInvis +     w - +1 battleaxe of Causality {elec, +Inv}
rCold  . . .     Gourm    .     U - +0 plate armour
rNeg   + + +     Faith    .     O - +2 large shield
rPois  +         Spirit   .     (helmet unavailable)
rElec  +         Dismiss  .     L - +1 cloak
rCorr  .         Reflect  +     T - +0 pair of gloves of the Bard {*Drain rPois rN+ Stlth+}
SustAt .         Harm     .     Z - +1 pair of boots
MR     +....                    y - +2 amulet of reflection
Stlth  ..........               a - +2 ring of strength
                                v - ring "Ysiloucs" {rElec rN+++ Int+2 Stlth-}

@: very slow, somewhat resistant to hostile enchantments, extremely unstealthy
A: permanent stasis, dig shafts and tunnels, four strong arms, antennae 3
a: Dig, Shaft Self, Bend Time, Temporal Distortion, Slouch, Step From Time,
Renounce Religion, Evoke Invisibility


You were on level 1 of the Spider Nest.
You worshipped Cheibriados.
Cheibriados was exalted by your worship.
You were not hungry.

You visited 5 branches of the dungeon, and saw 27 of its levels.
You also visited: Sewer and Volcano.

You collected 2729 gold pieces.
You spent 823 gold pieces at shops.


Innate Abilities, Weirdness & Mutations

You are under a permanent stasis effect.
You can dig through walls and to a lower floor.
Your four strong arms can wield two-handed weapons with a shield.
You have a pair of large antennae on your head. (SInv)


   Skills:
 + Level 12.0 Fighting
 * Level 17.1 Axes
 + Level 12.2 Armour
 + Level 10.6 Dodging
 - Level 15.0 Shields
 - Level 10.5 Invocations


You had 10 spell levels left.
You knew the following spells:

 Your Spells              Type           Power        Failure   Level  Hunger
a - Passage of Golubria   Tloc           N/A          100%        4    #####..
b - Passwall              Tmut/Erth      #.........   75%         2    ###....

Inventory:

Hand Weapons
 w - the +1 battleaxe of Causality (weapon) {elec, +Inv} Occasionally, upon striking a foe, it will discharge some electrical energy and cause terrible harm. It lets you turn invisible.
Missiles
 s - 2 throwing nets (quivered)
Armour
 L - a +1 cloak (worn)
 O - a +2 large shield (worn)
 T - the +0 pair of gloves of the Bard (worn) {*Drain rPois rN+ Stlth+}

   It protects you from poison.
   It protects you from negative energy.
   It causes draining when unequipped.
   It makes you more stealthy.
 U - a +0 plate armour (worn)
 Z - a +1 pair of boots (worn)
Jewellery
 a - a +2 ring of strength (right hand)
 k - an uncursed ring of ice
 o - an uncursed ring of fire
 v - the ring "Ysiloucs" (left hand) {rElec rN+++ Int+2 Stlth-}

   [ring of intelligence]

   It affects your intelligence (+2).
   It insulates you from electricity.
   It renders you almost immune to negative energy.
   It makes you less stealthy.
 y - a +2 amulet of reflection (around neck)
Wands
 g - a wand of acid (5/15)
 l - a wand of iceblast (8/15)
 C - a wand of digging (15/24)
 H - a wand of acid (5/15)
 X - a wand of paralysis (15/24)
Scrolls
 h - 2 scrolls of immolation
 j - a scroll of remove curse
 m - a scroll of recharging
 r - 6 scrolls of magic mapping
 A - 4 scrolls of fog
 D - 2 scrolls of fear
 J - 3 scrolls of enchant weapon
 V - a scroll of enchant armour
Potions
 c - 3 potions of magic
 d - 3 potions of might
 e - a potion of cancellation {unknown}
 i - 3 potions of flight
 n - 14 potions of curing
 t - a potion of beneficial mutation {unknown}
 u - 4 potions of heal wounds
 z - 2 potions of agility
 F - 5 potions of invisibility
 N - 2 potions of resistance
 Y - a potion of ambrosia
Comestibles
 f - 13 bread rations
 q - 14 meat rations
 I - 29 royal jellies
 M - 10 slices of pizza
 R - 26 fruits

Dungeon Overview and Level Annotations

Branches:
Dungeon (15/15)            Temple (1/1) D:4            Lair (8/8) D:11
  Swamp (0/4) Lair:5       Spider (1/4) Lair:4        Slime (0/6) Lair:8
    Orc (2/2) D:9             Elf (0/3) Orc:2        Vaults (0/5) D:13
 Depths (0/5) D:15

Altars:
Ashenzari
Cheibriados
Dithmenos
Elyvilon
Fedhas
Gozag
Hepliaklqana
Kikubaaqudgha
Makhleb
Nemelex Xobeh
Okawaru
Pakellas
Qazlal
Ru
Sif Muna
Trog
Ukayaw
Vehumet
Xom
Yredelemnul
Zin
The Shining One
Jiyva

Shops:
D:4 =   D:15 :(   Orc:1 [   Orc:2 (*[:

Annotations:
Lair:4 exclusion: oklob plant


Message History

You slash the wolf spider!
The wolf spider is moderately wounded.
You block the wolf spider's attack. x2
You slice the wolf spider!!
There is a sudden explosion of sparks!
You kill the wolf spider!
Cheibriados thoroughly appreciates the change of pace.
No target in view!
No target in view!
No target in view!
No target in view!
No target in view!
No target in view!
No target in view!
No target in view!
No target in view!
You see here a wolf spider corpse.
You sense a monster nearby.
A wolf spider comes into view.
The wolf spider hisses angrily.
You block the wolf spider's attack. The wolf spider completely misses you.
You block the wolf spider's attack. The wolf spider completely misses you.
The wolf spider hits you but does no damage.
The wolf spider barely misses you.
You barely miss the wolf spider. The wolf spider completely misses you.
The wolf spider barely misses you.
You slice the wolf spider!!
There is a sudden explosion of sparks!
The wolf spider is heavily wounded.
You block the wolf spider's attack. x2
You hit the wolf spider.
The wolf spider is severely wounded.
You block the wolf spider's attack. x2; The wolf spider barely misses you.
The wolf spider misses you.
You slash the wolf spider!
There is a sudden explosion of sparks!
You kill the wolf spider!
Cheibriados thoroughly appreciates the change of pace.
No target in view!
No target in view!
No target in view!
No target in view!
No target in view!
No target in view!
n - 14 potions of curing (gained 1)
You found a web!
You see here a wolf spider corpse.
You see here a wolf spider corpse.
Done exploring.
Done exploring.
Save game and exit?
Okay, then.
Are you sure you want to abandon this character and quit the game? (Confirm with "yes".)

##....##....#.#
#^....#..#
#.....####....##
#..####.##
#####...##.....#
##...# ###
######.%..###.#.###
#...####.##
#.#.##.^#...#####
##..#.#....
#...#...#...######
#..........
##....###..###.#.#
##.#.#..###
#......#.........##
#####....#
#..#.#.#........@.#
#..#.##
###################
######


There were no monsters in sight!

Action                   |  1- 3 |  4- 6 |  7- 9 | 10-12 | 13-15 | 16-18 || total
-------------------------+-------+-------+-------+-------+-------+-------++-------
Melee: War axe           |   117 |   280 |   344 |   564 |  1126 |   183 ||  2614
       Battleaxe         |       |       |       |       |       |   428 ||   428
Invok: Slouch            |       |       |       |     1 |     3 |       ||     4
 Abil: Dig               |     4 |     8 |     7 |     7 |    21 |    14 ||    61
Evoke: Wand              |       |       |       |       |     3 |       ||     3
  Use: Scroll            |       |     2 |     2 |     8 |    10 |    12 ||    34
       Potion            |       |       |       |     2 |     2 |       ||     4
 Stab: Distracted        |       |     1 |       |       |       |       ||     1
       Paralysed         |       |     1 |       |       |       |       ||     1
  Eat: Chunk             |       |    12 |     5 |    12 |    14 |     4 ||    47
       Pizza             |       |       |     1 |       |       |     2 ||     3
       Beef jerky        |       |       |       |     2 |     1 |     3 ||     6
       Meat ration       |       |       |       |       |     1 |       ||     1
Armor: Scale mail        |    22 |       |       |       |       |       ||    22
       Chain mail        |    56 |   163 |    77 |    29 |       |       ||   325
       Skin              |       |       |       |    22 |       |       ||    22
       Plate armour      |       |       |       |   103 |   167 |   104 ||   374
Dodge: Dodged            |    41 |    83 |    68 |    72 |   219 |   191 ||   674
Block: Shield            |    63 |   199 |   145 |       |       |       ||   407
       Reflection        |       |     3 |    14 |    22 |    23 |    82 ||   144
       Large shield      |       |       |   215 |   674 |  1038 |   828 ||  2755

Notes
Turn   | Place    | Note
--------------------------------------------------------------
     0 | D:1      | Duffy the Formicid Fighter began the quest for the Orb.
     0 | D:1      | Reached XP level 1. HP: 18/18 MP: 1/1
    53 | D:1      | Reached XP level 2. HP: 19/24 MP: 2/2
    56 | D:1      | Reached skill level 4 in Shields
   222 | D:1      | Reached XP level 3. HP: 29/29 MP: 3/3
   448 | D:1      | Reached skill level 3 in Axes
   806 | D:2      | Found a radiant altar of Vehumet.
   827 | D:2      | Reached XP level 4. HP: 30/35 MP: 4/4
  1171 | D:2      | Found an iron altar of Okawaru.
  1677 | D:2      | Reached skill level 5 in Shields
  1833 | D:3      | Reached XP level 5. HP: 38/41 MP: 5/5
  1997 | D:3      | Found a sacrificial altar of Ru.
  2212 | D:3      | Reached skill level 4 in Axes
  2680 | D:4      | Reached skill level 6 in Shields
  2680 | D:4      | Reached XP level 6. HP: 37/47 MP: 6/6
  2842 | D:4      | Found a staircase to the Ecumenical Temple.
  2860 | Temple   | Entered the Ecumenical Temple
  3085 | Temple   | Became a worshipper of Cheibriados the Contemplative
  3243 | D:4      | Found a shadowy altar of Dithmenos.
  3733 | D:4      | Found a shattered altar of Ashenzari.
  3923 | D:4      | Found Xifrubb's Jewellery Shop.
  3963 | D:5      | Entered Level 5 of the Dungeon
  3975 | D:5      | Reached * piety under Cheibriados
  4225 | D:5      | Noticed Dowan
  4226 | D:5      | Noticed Duvessa
  4241 | D:5      | Killed Dowan
  4241 | D:5      | Reached skill level 5 in Axes
  4241 | D:5      | Reached XP level 7. HP: 41/52 MP: 7/7
  4248 | D:5      | Killed Duvessa
  4248 | D:5      | Reached skill level 7 in Shields
  4293 | D:5      | Noticed Sigmund
  4301 | D:5      | Killed Sigmund
  4365 | D:5      | Found a glowing drain.
  4374 | Sewer    | Entered a sewer
  4473 | Sewer    | Reached skill level 6 in Axes
  4492 | Sewer    | Reached ** piety under Cheibriados
  4523 | Sewer    | Reached XP level 8. HP: 58/58 MP: 8/8
  4672 | Sewer    | Reached skill level 8 in Shields
  4682 | Sewer    | Reached *** piety under Cheibriados
  4767 | D:5      | Found a stormy altar of Qazlal.
  5088 | D:5      | Noticed Grinder
  5103 | D:5      | Killed Grinder
  5103 | D:5      | Reached skill level 9 in Shields
  5230 | D:5      | Found a burning altar of Makhleb.
  5438 | D:5      | Reached skill level 7 in Axes
  5839 | D:5      | Noticed Eustachio
  5881 | D:5      | Found a shimmering altar of Xom.
  5897 | D:5      | Killed Eustachio
  5897 | D:5      | Reached skill level 10 in Shields
  5897 | D:5      | Reached XP level 9. HP: 64/64 MP: 9/9
  6205 | D:6      | Reached skill level 4 in Fighting
  6215 | D:6      | Reached skill level 4 in Armour
  6247 | D:6      | Found a glowing golden altar of the Shining One.
  6298 | D:6      | Found a blossoming altar of Fedhas.
  6306 | D:6      | Reached **** piety under Cheibriados
  6448 | D:6      | Reached skill level 8 in Axes
  6702 | D:7      | Reached skill level 5 in Fighting
  6719 | D:7      | Reached skill level 5 in Armour
  6719 | D:7      | Reached skill level 1 in Invocations
  6773 | D:7      | Reached skill level 2 in Invocations
  6892 | D:7      | Found an oddly glowing altar of Pakellas.
  7031 | D:7      | Reached XP level 10. HP: 74/74 MP: 12/12
  7141 | D:7      | Reached ***** piety under Cheibriados
  7156 | D:7      | Reached skill level 3 in Invocations
  7516 | D:8      | Reached skill level 6 in Armour
  7628 | D:8      | Reached skill level 9 in Axes
  7628 | D:8      | Reached skill level 4 in Invocations
  7819 | D:8      | Reached skill level 5 in Invocations
  7821 | D:8      | Noticed Pikel
  7834 | D:8      | Killed Pikel
  8274 | D:9      | Reached skill level 6 in Fighting
  8379 | D:9      | Reached skill level 6 in Invocations
  8552 | D:9      | Reached XP level 11. HP: 81/81 MP: 15/15
  8734 | D:9      | Reached skill level 10 in Axes
  8747 | D:9      | Found a staircase to the Orcish Mines.
  8761 | D:9      | Reached skill level 7 in Invocations
  8991 | D:9      | Reached ****** piety under Cheibriados
  9464 | D:9      | Reached skill level 8 in Invocations
  9635 | D:9      | Reached skill level 11 in Shields
 10111 | D:10     | Entered Level 10 of the Dungeon
 10279 | D:10     | Reached skill level 7 in Armour
 10680 | D:10     | Reached skill level 12 in Shields
 10995 | D:4      | Bought the ring "Ysiloucs" {rElec rN+++ Int+2 Stlth-} for 452 gold pieces
 11131 | D:9      | Reached skill level 11 in Axes
 11237 | D:11     | Reached XP level 12. HP: 80/88 MP: 18/18
 11524 | D:11     | Got a pair of jewelled gloves
 11530 | D:11     | Identified the +0 pair of gloves of the Bard {*Drain rPois rN+ Stlth+} (You found it on level 11 of the Dungeon)
 11784 | D:11     | Found a staircase to the Lair.
 11987 | Lair:1   | Entered Level 1 of the Lair of Beasts
 12004 | Lair:1   | Reached skill level 13 in Shields
 12339 | Lair:1   | Reached skill level 12 in Axes
 13156 | Lair:2   | Reached skill level 14 in Shields
 13427 | Lair:2   | Learned a level 4 spell: Passage of Golubria
 13430 | Lair:2   | Learned a level 2 spell: Passwall
 14055 | Lair:3   | Reached XP level 13. HP: 87/93 MP: 19/19
 14311 | Lair:3   | Reached skill level 13 in Axes
 14923 | Lair:4   | Found a hole to the Spider Nest.
 14978 | Lair:4   | Noticed Nergalle
 14991 | Lair:4   | Killed Nergalle
 15216 | Lair:4   | Noticed a four-headed hydra
 15226 | Lair:4   | Killed a one-headed hydra
 15226 | Lair:4   | Reached skill level 15 in Shields
 15280 | Lair:4   | Noticed a four-headed hydra
 15287 | Lair:4   | Killed a one-headed hydra
 15366 | Lair:4   | Reached skill level 1 in Dodging
 15835 | Lair:5   | Noticed Snorg
 15848 | Lair:5   | Killed Snorg
 15848 | Lair:5   | Reached skill level 8 in Armour
 16169 | Lair:5   | Noticed a six-headed hydra
 16180 | Lair:5   | Killed a two-headed hydra
 16180 | Lair:5   | Reached skill level 2 in Dodging
 16342 | Lair:5   | Got a translucent turquoise ring
 16344 | Lair:5   | Identified the cursed ring of Fich {Str+2 Dex-5} (You found it on level 5 of the Lair of Beasts)
 16431 | Lair:5   | Reached skill level 7 in Fighting
 16522 | Lair:5   | Noticed a seven-headed hydra
 16526 | Lair:5   | Killed a five-headed hydra
 16535 | Lair:5   | Found a staircase to the Swamp.
 16717 | Lair:5   | Reached skill level 3 in Dodging
 17036 | Lair:6   | Reached skill level 14 in Axes
 17286 | Lair:6   | Reached skill level 9 in Armour
 17286 | Lair:6   | Reached XP level 14. HP: 104/104 MP: 20/20
 17863 | Lair:7   | Reached skill level 8 in Fighting
 18363 | Lair:7   | Reached skill level 9 in Fighting
 18363 | Lair:7   | Reached skill level 15 in Axes
 18419 | Lair:7   | Reached skill level 10 in Armour
 18884 | Lair:8   | Entered Level 8 of the Lair of Beasts
 18991 | Lair:8   | Found a viscous altar of Jiyva.
 18991 | Lair:8   | Found a staircase to the Slime Pits.
 19342 | Lair:8   | Reached skill level 10 in Fighting
 19450 | Lair:8   | Reached XP level 15. HP: 92/115 MP: 21/21
 19548 | Lair:8   | Reached skill level 4 in Dodging
 19976 | Lair:8   | Reached skill level 5 in Dodging
 19992 | Lair:8   | Reached skill level 16 in Axes
 20373 | Lair:8   | Reached skill level 6 in Dodging
 20748 | Orc:1    | Entered Level 1 of the Orcish Mines
 20780 | Orc:1    | Found Zudugodgh's Armour Shoppe.
 20782 | Orc:1    | Found a dark tunnel.
 20809 | Volcano  | Entered a volcano
 21046 | Volcano  | Reached skill level 7 in Dodging
 21763 | Orc:2    | Entered Level 2 of the Orcish Mines
 21855 | Orc:2    | Found Ylunoxke's General Store.
 21864 | Orc:2    | Reached skill level 8 in Dodging
 21884 | Orc:2    | Bought a scroll of identify for 28 gold pieces
 21954 | Orc:2    | Found Fyr Inu's Antique Weapon Emporium.
 22017 | Orc:2    | Found a staircase to the Elven Halls.
 22043 | Orc:2    | Found Hoirch's Book Boutique.
 22061 | Orc:2    | Reached skill level 9 in Invocations
 22196 | Orc:2    | Found Eroyriph's Antique Armour Shoppe.
 22223 | Orc:2    | Noticed a stone giant
 22228 | Orc:2    | Killed a stone giant
 22870 | Orc:2    | Bought a potion of magic for 112 gold pieces
 22883 | Orc:2    | Reached skill level 10 in Invocations
 22996 | Orc:1    | Bought a +2 large shield for 231 gold pieces
 23153 | D:12     | Reached XP level 16. HP: 122/122 MP: 23/23
 23952 | D:12     | Reached skill level 9 in Dodging
 24337 | D:13     | Got an iridescent battleaxe
 24338 | D:13     | Identified the +1 battleaxe of Causality {elec, +Inv} (You acquired it on level 13 of the Dungeon)
 24351 | D:13     | Found a white marble altar of Elyvilon.
 24400 | D:13     | Noticed Maurice
 24404 | D:13     | Killed Maurice
 24691 | D:13     | Reached skill level 11 in Armour
 24889 | D:13     | Found a gate to the Vaults.
 25206 | D:14     | Noticed Urug
 25223 | D:14     | Killed Urug
 25223 | D:14     | Reached skill level 11 in Fighting
 25538 | D:14     | Noticed Azrael
 25551 | D:14     | Killed Azrael
 26041 | D:15     | Entered Level 15 of the Dungeon
 26041 | D:15     | Found Adghaxy's Weapon Shoppe.
 26322 | D:15     | Reached skill level 10 in Dodging
 26476 | D:15     | Reached XP level 17. HP: 131/131 MP: 24/24
 26584 | D:15     | Found a staircase to the Depths.
 26897 | D:15     | Found Vierr's Book Boutique.
 27354 | Spider:1 | Entered Level 1 of the Spider Nest
 27693 | Spider:1 | Reached skill level 12 in Armour
 27868 | Spider:1 | Reached skill level 17 in Axes
 28230 | Spider:1 | Reached skill level 12 in Fighting
 28357 | Spider:1 | Quit the game

Skill      XL: |  1  2  3  4  5  6  7  8  9 10 11 12 13 14 15 16 17 |
---------------+----------------------------------------------------+-----
Shields        | 4 5 6 7 10 12 14 15 | 15.0
Axes           | 3 4 5 6 7 8 9 11 12 14 15 16 17 | 17.1
Fighting       | 5 6 7 10 11 12 | 12.0
Armour         | 5 6 7 9 10 11 12 | 12.2
Invocations    | 2 6 8 10 | 10.5
Dodging        | 3 8 10 | 10.6

Vault maps used:
D:1:      dpeg_arrival_refuge, minmay_misc_feat_nine_boxes, minmay_cut_off
D:2:      lemuel_crystal_altar, okawaru_gym_becter
D:3:      nicolae_ru_great_annihilating_truth, minmay_fountain_box
D:4:      nicolae_overflow_hidden_temple, temple_pool_a, serial_shops,
          kennysheep_mini, serial_park_tiny_2, grunt_dithmenos_smoke_and_mirrors
D:5:      makhleb_grotto_becter, lemuel_coloured_pillars_altar,
          lemuel_round_altar, portal_sewer_entry_d, first_bread, uniq_sigmund,
          uniq_eustachio, uniq_grinder, uniq_duvessa
D:6:      tso_metal_star, fedhas_altar_2
D:7:      nicolae_overflow_crystal_walls
D:8:      grunt_pizzeria, uniq_pikel
D:9:      david_orc_2, minmay_liquid_box
D:11:     lair_0_dummy, minmay_crystal_room
D:13:     erik_vaults_1, elyvilon_altar_5, uniq_maurice
D:14:     roderic_st_hans_cross, uniq_urug, uniq_azrael
D:15:     grunt_enter_depths_snipers, corexii_corridor_pit, serial_shops,
          nicolae_shop_stone, nicolae_shop_crystal, minmay_fire_ice_demons
Temple:   triangle_lava_temple_11
Lair:1:   special_room, st_stairs_11, grunt_forest_large_clearing_hut
Lair:2:   grunt_forest_small_clearings, lemuel_fruit_fields
Lair:3:   serial_bayou, serial_bayou_shore_a, serial_bayou_lagoon_b,
          serial_bayou_pond_b, serial_bayou_pond_a, serial_bayou_lagoon_a,
          st_stairs_11, beast_lair_carwin_9
Lair:4:   spider_nest_entry_a, zaba_anthole, uniq_nergalle
Lair:5:   minmay_swamp_entry_worms, uniq_snorg
Lair:7:   zaba_antful_of_joy
Lair:8:   guppyfry_lair_end_dragon, hangedman_lair_caniforms_friends,
          slime_altar_1, grunt_megastairs_1
Spider:1: nicolae_crawler_farm
Orc:1:    enter_volcano_1, serial_shops, shop
Orc:2:    grunt_orc_gardens, grunt_orc_garden, grunt_orc_garden,
          grunt_orc_garden, grunt_orc_garden
Sewer:    sewer_frog_island_02
Volcano:  volcano_aerie

Vanquished Creatures
  An emperor scorpion
  A stone giant Azrael
  3 ettins
  A fire dragon Snorg
  A yaktaur captain
  An ogre mage
  8 hydras
  8 centaur warriors
  2 dancing weapons
  A queen ant
  12 death yaks
  An orc high priest
  A sun demon Urug Nergalle
  14 skeletal warriors
  A wizard
  An unseen horror Pikel
  A lindwurm
  4 hill giants
  3 orc knights
  2 orb spiders
  3 ugly things
  5 griffons
  A hornet (shapeshifter)
  A manticore
  A deep elf mage
  An orc sorcerer
  8 wolf spiders
  14 cyclopes
  A centaur zombie Maurice
  5 black mambas
  2 molten gargoyles
  3 gargoyles
  16 spiny frogs
  8 rime drakes
  An efreet
  A kobold demonologist
  7 demonic crawlers
  8 komodo dragons
  A yaktaur
  A harpy zombie
  A queen bee
  An ice devil
  9 polar bears
  10 trolls
  5 two-headed ogres
  14 jumping spiders
  A giant leech
  A wolf spider simulacrum Grinder
  11 blink frogs
  4 raiju
  A hornet zombie
  4 slime creatures
  A boulder beetle
  2 vampires
  14 redbacks
  4 shadows
  2 spriggans
  11 tarantellas Sigmund
  2 wraiths
  A basilisk
  4 vampire mosquitoes
  2 steam dragons
  40 yaks
  2 hungry ghosts Eustachio
  16 hippogriffs
  2 fire elementals
  6 wargs
  4 mottled dragons
  2 swamp worms
  9 soldier ants
  8 water moccasins Duvessa
  9 hell hounds
  A swamp drake
  An eye of draining
  24 orc warriors
  7 ice beasts
  11 porcupines
  A sky beast
  2 slaves
  16 black bears
  2 wasps
  A phantom
  25 wolves
  18 ogres
  A boggart
  4 necrophages
  21 centaurs
  20 crocodiles
  3 big kobolds
  30 giant frogs
  2 scorpions
  A wyvern skeleton
  2 water moccasin skeletons Dowan
  28 killer bees
  A howler monkey
  An electric eel
  11 crimson imps
  A quasit
  2 jellies
  2 giant frog zombies
  22 orc wizards
  23 hounds
  8 orc priests
  3 centaur skeletons
  5 giant frog skeletons
  39 worker ants
  13 iguanas
  4 sheep
  A hound zombie
  4 hound skeletons
  A howler monkey zombie
  3 worker ant zombies
  4 gnolls
  16 adders
  34 river rats
  6 shadow imps
  5 white imps
  9 oozes
  2 worms
  3 dart slugs
  16 giant geckos
  82 orcs
  11 giant cockroaches
  9 goblins
  12 hobgoblins
  13 jackals
  23 kobolds
  6 quokkas
  9 ball pythons
  7 bats
  2 giant gecko skeletons
  14 giant newts
  A jackal skeleton
  9 rats
  A bush
  31 fungi
  24 plants
1083 creatures vanquished.
